Map: Cactus Valley LE (Void)

Players

Kovic

  • Race: Zerg Zerg
  • League: Diamond
  • Spawn Location: 11:00

llllllllllll - Winner!

  • Race: Protoss Protoss
  • League: Diamond
  • Spawn Location: 7:00

VOD

Have the link to the VOD?

Description

Time

  • Played on: Jan. 29, 2017, 10:10 p.m.
  • Length: 17:27
Show
View Real Time Build Order
Export as new Build Order

Kovic Zerg 

Build Orders: Hatch First, Swarm Host 

Get SALT Encoding   

  12  0:02  Drone  
  13  0:13  Overlord  
  13  0:19  Drone  
  14  0:32  Drone x2  
  16  0:51  Hatchery  
  16  0:55  Drone  
  16  0:57  Drone  
  16  1:00  Extractor  
  16  1:03  Drone  
  17  1:19  Spawning Pool  
  16  1:26  Drone x2  
  16  1:30  Drone  
  19  1:40  Overlord  
  19  2:09  Queen  
  19  2:10  Queen  
  19  2:11  Metabolic Boost  
  23  2:18  Zergling x6  
  23  2:21  Zergling x2  
  27  2:27  Drone  
  27  2:29  Drone  
  29  2:33  Drone  
  30  2:43  Drone  
  31  3:02  Drone  
  31  3:05  Hatchery  
  31  3:10  Overlord  
  30  3:13  Drone  
  30  3:14  Drone x3  
  34  3:28  Drone x2  
  34  3:32  Pneumatized Carapace  
  34  3:34  Queen  
  38  3:46  Drone  
  38  3:47  Overlord  
  39  3:57  Drone  
  39  3:58  Drone x4  
  44  4:07  Drone  
  44  4:08  Overlord  
  45  4:23  Zergling x14  
  52  4:26  Queen  
  52  4:27  Queen  
  56  4:33  Evolution Chamber  
  56  4:34  Lair  
  56  4:35  Evolution Chamber  
  56  4:36  Drone x2  
  56  4:43  Overlord  
  56  4:47  Drone  
  57  4:54  Drone x6  
  57  5:16  Zergling x22  
  57  5:17  Zergling x2  
  65  5:28  Queen x2  
  64  5:55  Drone  
  64  5:56  Drone  
  66  5:58  Drone x3  
  66  6:00  Zerg Ground Armor Level 1, Zerg Melee Weapons Level 1  
  69  6:16  Drone x2  
  69  6:17  Baneling Nest  
  69  6:18  Drone  
  71  6:20  Drone x3  
  73  6:27  Overlord  
  73  6:28  Overlord  
  72  6:50  Drone, Extractor x2  
  72  6:51  Extractor, Drone x2  
  72  6:53  Drone x3  
  75  6:54  Drone x2  
  75  6:55  Drone  
  65  7:14  Hatchery  
  64  7:23  Drone  
  64  7:24  Drone x8  
  64  7:28  Spore Crawler  
  72  7:30  Spore Crawler  
  72  7:34  Spore Crawler  
  72  7:35  Spore Crawler x2  
  72  7:36  Drone  
  55  7:37  Drone x2  
  55  7:49  Spore Crawler  
  54  7:51  Spore Crawler  
  54  7:52  Queen  
  54  7:53  Queen x2  
  59  8:01  Drone  
  59  8:02  Drone x5  
  65  8:23  Drone x2  
  65  8:24  Drone  
  65  8:25  Drone x3  
  60  8:42  Spore Crawler  
  60  8:43  Drone x8  
  60  8:45  Spore Crawler  
  60  9:05  Zergling x12  
  60  9:06  Hatchery  
  65  9:22  Drone  
  65  9:23  Drone x3  
  66  9:38  Drone x5  
  69  9:57  Queen x3  
  70  10:07  Drone  
  70  10:08  Drone x2  
  70  10:10  Drone x3  
  70  10:11  Drone x4  
  73  10:18  Spore Crawler  
  73  10:19  Spore Crawler  
  65  11:00  Zergling x12  
  71  11:06  Hatchery  
  70  11:13  Zerg Ground Armor Level 2, Zerg Missile Weapons Level 1  
  70  11:14  Zergling x2  
  70  11:15  Zergling x2  
  72  11:20  Hatchery  
  71  11:36  Hatchery  
  71  11:39  Overlord  
  70  11:40  Overlord x3  
  66  12:09  Drone x3  
  69  12:16  Hatchery  
  69  12:20  Zergling x2  
  69  12:21  Zergling x8  
  73  12:33  Drone x4  
  76  12:48  Drone x3  
  73  13:02  Drone x4  
  76  13:07  Infestation Pit  
  76  13:09  Drone x2  
  77  13:21  Queen x2  
  77  13:22  Queen  
  77  13:26  Spore Crawler  
  82  13:27  Spore Crawler  
  82  13:28  Spore Crawler  
  74  13:36  Drone x6  
  74  13:37  Drone x2  
  82  13:44  Drone  
  82  13:45  Drone x3  
  86  14:04  Swarm Host x6  
  86  14:08  Overlord x2  
  104  14:35  Swarm Host x5  
  104  14:38  Hatchery, Overlord  
  118  14:39  Overlord x6  
  118  14:45  Burrow  
  114  15:12  Drone x6  
  117  15:30  Hatchery  
  116  15:46  Swarm Host x3  
  116  15:48  Hatchery  
  124  16:01  Drone  
  124  16:02  Drone x2  
  127  16:16  Swarm Host x2  
  133  16:25  Hatchery  
Show
View Real Time Build Order
Export as new Build Order

llllllllllll Protoss - Winner!

Build Orders: Nexus First 

Get SALT Encoding   

  13  0:07  Probe (Chrono Boost)  
  13  0:17  Probe (Chrono Boost)  
  14  0:27  Pylon  
  14  0:28  Probe (Chrono Boost)  
  15  0:45  Probe (Chrono Boost)  
  16  0:56  Probe (Chrono Boost)  
  17  1:05  Nexus  
  18  1:11  Probe (Chrono Boost)  
  18  1:18  Gateway  
  18  1:22  Probe (Chrono Boost)  
  19  1:27  Assimilator  
  19  1:31  Assimilator  
  19  1:38  Probe (Chrono Boost)  
  20  1:46  Gateway  
  20  1:50  Probe (Chrono Boost)  
  21  1:57  Pylon  
  21  2:00  Probe (Chrono Boost)  
  22  2:10  Cybernetics Core  
  24  2:15  Zealot  
  24  2:17  Probe (Chrono Boost)  
  24  2:20  Probe (Chrono Boost)  
  26  2:28  Probe (Chrono Boost)  
  27  2:30  Probe (Chrono Boost)  
  28  2:38  Probe (Chrono Boost)  
  28  2:43  Pylon  
  29  2:47  Adept  
  29  2:48  Adept  
  33  2:53  Probe x2 (Chrono Boost)  
  35  3:00  Pylon  
  35  3:04  Probe (Chrono Boost)  
  34  3:13  Forge  
  34  3:19  Adept  
  36  3:24  Probe (Chrono Boost)  
  36  3:26  Probe (Chrono Boost)  
  38  3:34  Assimilator, Adept  
  38  3:35  Probe (Chrono Boost)  
  38  3:36  Probe (Chrono Boost)  
  42  3:45  Assimilator  
  42  3:47  Probe (Chrono Boost)  
  43  3:49  Adept  
  43  3:54  Probe (Chrono Boost)  
  46  3:57  Photon Cannon  
  46  4:01  Adept  
  48  4:06  Mothership Core (Chrono Boost)  
  50  4:13  Pylon, Adept  
  50  4:14  Probe (Chrono Boost)  
  54  4:25  Probe (Chrono Boost)  
  54  4:26  Probe (Chrono Boost)  
  55  4:35  Probe (Chrono Boost)  
  55  4:38  Probe (Chrono Boost)  
  57  4:39  Stargate  
  57  4:40  Stargate  
  57  4:44  Stargate  
  57  4:53  Pylon, Probe (Chrono Boost)  
  57  4:56  Photon Cannon  
  57  4:57  Probe (Chrono Boost)  
  59  5:04  Probe (Chrono Boost)  
  56  5:25  Oracle x2  
  62  5:36  Oracle  
  59  5:46  Photon Cannon  
  59  5:48  Photon Cannon x2  
  55  5:50  Pylon  
  55  5:52  Photon Cannon  
  55  5:53  Probe (Chrono Boost)  
  56  6:00  Oracle x2  
  62  6:07  Photon Cannon  
  62  6:10  Oracle  
  62  6:12  Pylon, Photon Cannon, Probe (Chrono Boost)  
  62  6:15  Probe (Chrono Boost)  
  67  6:24  Photon Cannon  
  67  6:39  Phoenix  
  57  6:40  Phoenix  
  69  6:43  Phoenix  
  73  6:50  Photon Cannon  
  73  6:59  Protoss Ground Weapons Level 1  
  73  7:01  Zealot x2  
  75  7:04  Phoenix x2  
  75  7:05  Phoenix  
  83  7:50  Nexus  
  83  7:56  Zealot  
  85  8:07  Pylon  
  85  8:09  Pylon  
  85  8:12  Assimilator  
  85  8:17  Assimilator  
  85  8:19  Void Ray  
  85  8:21  Pylon  
  85  8:25  Zealot x2  
  93  8:27  Void Ray x2  
  97  8:53  Nexus  
  97  8:55  Pylon  
  97  8:58  Pylon  
  97  9:00  Photon Cannon  
  97  9:02  Photon Cannon  
  97  9:03  Photon Cannon  
  97  9:08  Void Ray  
  97  9:16  Pylon, Void Ray, Zealot  
  107  9:18  Photon Cannon  
  107  9:33  Void Ray  
  109  9:45  Void Ray  
  108  10:16  Void Ray x2  
  116  10:22  Void Ray  
  116  10:28  Zealot x2  
  122  10:34  Nexus  
  122  10:50  Probe (Chrono Boost)  
  122  10:55  Zealot x2  
  126  11:00  Probe (Chrono Boost)  
  126  11:03  Pylon  
  127  11:05  Assimilator, Probe (Chrono Boost)  
  127  11:10  Assimilator  
  127  11:11  Probe (Chrono Boost)  
  129  11:16  Probe (Chrono Boost)  
  130  11:19  Nexus  
  130  11:21  Probe (Chrono Boost)  
  130  11:22  Zealot  
  137  11:32  Probe (Chrono Boost)  
  134  11:41  Fleet Beacon  
  134  11:42  Probe (Chrono Boost)  
  135  11:53  Probe (Chrono Boost)  
  136  12:04  Probe (Chrono Boost)  
  137  12:28  Pylon  
  137  12:29  Tempest  
  137  12:32  Assimilator  
  137  12:34  Tempest  
  137  12:36  Assimilator  
  149  12:40  Pylon  
  149  12:42  Pylon  
  146  13:06  Tempest  
  146  13:07  Tempest  
  155  13:36  Probe (Chrono Boost)  
  156  13:46  Probe (Chrono Boost)  
  157  13:52  Photon Cannon  
  157  13:53  Photon Cannon  
  157  13:55  Photon Cannon  
  157  13:57  Probe (Chrono Boost)  
  158  14:33  Tempest  
  158  14:38  Tempest  
  158  14:39  Tempest  
  176  15:10  Tempest  
  162  15:21  Tempest  
  162  15:22  Tempest  
  174  15:47  Tempest  
  174  15:55  Probe (Chrono Boost)  
  181  16:04  Tempest x2  
Tags
 
Add a new tag
Caveats
  • Supply blocks, unpowered buildings, or Contaminate may cause inaccurate times.
  • Supply counts are checked every 10 seconds.